 Dungeon Crawl Stone Soup version 0.24-a0-170-gd8427f5388 (webtiles) character file.

Game seed: 7963423673804437151

91 MirrMurr the Sneak (level 4, -4/21 HPs)
             Began as a Spriggan Enchanter on Mar 9, 2019.
             Killed from afar by Natasha (9 damage)
             ... with a magic dart
             ... on level 2 of the Dungeon.
             The game lasted 00:08:20 (3128 turns).

MirrMurr the Sneak (Spriggan Enchanter)             Turns: 3128, Time: 00:08:21

Health: -4/21      AC:  4    Str:  5    XL:     4   Next: 34%
Magic:  14/18      EV: 18    Int: 16    God:
Gold:   118        SH:  0    Dex: 16    Spells: 2/8 levels left

rFire    . . .     SeeInvis +   a - +1 dagger
rCold    . . .     Gourm    .   (shield restricted)
rNeg     . . .     Faith    .   b - +0 robe
rPois    .         Spirit   .   j - +2 hat
rElec    .         Reflect  .   (no cloak)
rCorr    .         Harm     .   (gloves unavailable)
MR       .....                  (boots unavailable)
Stlth    +++.......             (no amulet)
HPRegen  0.07/turn              h - ring of magical power
MPRegen  0.16/turn              (no ring)

@: hasted, very quick
A: very small, unfitting armour, see invisible, herbivore, speed 3, slow
metabolism 2
a: no special abilities


You were on level 2 of the Dungeon.
You were not hungry.

You visited 1 branch of the dungeon, and saw 2 of its levels.

You collected 118 gold pieces.

Inventory:

Hand Weapons
 a - a +1 dagger (weapon)
 m - a +0 hunting sling
Missiles
 f - 79 stones (quivered)
 i - 11 poisoned needles
Armour
 b - a +0 robe (worn)
 e - a +0 buckler
 j - a +2 hat (worn)
Jewellery
 h - a ring of magical power (left hand)
 q - an uncursed ring of see invisible {unknown}
Scrolls
 d - a scroll of magic mapping {unknown}
 o - a scroll of amnesia {unknown}
 p - a scroll of remove curse {unknown}
 r - a scroll of identify
Potions
 k - a potion of mutation {unknown}
 l - a potion of lignification
 n - a potion of agility
Comestibles
 c - 5 rations


   Skills:
 + Level 2.8 Short Blades
 - Level 3.0 Dodging
 + Level 6.0 Stealth
 + Level 1.4 Shields
 - Level 2.6 Spellcasting
 - Level 3.6 Hexes


You had 2 spell levels left.
You knew the following spells:

 Your Spells              Type           Power        Failure   Level  Hunger
a - Ensorcelled Hibernat  Hex/Ice        #.....       14%         2    ##.....
b - Confuse               Hex            ##......     13%         3    ###....
C - Corona                Hex            ##.....      4%          1    #......

Your spell library contained the following spells:

 Spells                   Type           Power        Failure   Level  Hunger
 Tukima's Dance           Hex            ##......     13%         3    ###....
 Dazzling Spray           Conj/Hex       #.....       28%         3    ###....


Dungeon Overview and Level Annotations

Branches:
Dungeon (2/15)

Altars:

Annotations:
D:2 Natasha


Innate Abilities, Weirdness & Mutations

You are very small and have problems with some larger weapons.
You are too small for most types of armour.
You have supernaturally acute eyesight. (SInv)
You are a herbivore.
You cover ground extremely quickly.
You need to consume almost no food.


Message History

You hit Natasha but do no damage. Natasha claws you but does no damage.
Casting: Ensorcelled Hibernation (safe; 14% risk of failure)
Confirm with . or Enter, or press ? or * to list all spells.
Aiming: Ensorcelled Hibernation (safe; 14% risk of failure)
Press: ? - help, Shift-Dir - straight line, f/p - Natasha
Aim: Natasha, carrying a wand of random effects (13) (chance to defeat MR: 38%) Natasha resists with some effort.
Natasha mewls in sadness.
Natasha claws you!
* * * LOW HITPOINT WARNING * * *
You are too injured to fight recklessly!
Unknown command.
Unknown command.
Casting: Ensorcelled Hibernation (safe; 14% risk of failure)
Confirm with . or Enter, or press ? or * to list all spells.
Okay, then.
You feel yourself speed up.
Natasha stares at you and mumbles some strange words.
The magic dart hits you!
You die...

....#.#***##....##..#..###.......
.####..,,,......###....# ##.##...
,,,*#.#,,*##..#.# #..#.# #..####
**,*#.#,,,,..##.# #..#.# #......
*,*#.*,,,,***#.# #....## #......
*,,,,,,,*,* #.# #.##..###......
***,,,**,*,** #.# #.##...##......
,,,,,),,.#).###.###.##.#..###..##
,,,,,,),.......h@................
***,,,,).###.^...##.##....>.#####
,,,,****,,,####...#.####).....##
**,,* ***,,,*#......*#...###>.##
**,,* ***,,...........<.......
**,,* *,,,###.##.....##..)#.##
**,,* *,*,,,#.##.....,###)#.##
**,,* *,***,#.#*..###.,*#....#
,,,,** *,***,*,**,,* **,,##....


You could see Natasha.

Vanquished Creatures
  3 gnolls (D:2)
  An adder (D:1)
  An ooze (D:2)
  3 dart slugs
  A leopard gecko (D:2)
  An orc (D:2)
  4 bats
  3 giant cockroaches (D:2)
  2 goblins
  10 hobgoblins
  2 kobolds (D:1)
  A quokka (D:1)
  2 frilled lizards
  7 rats
41 creatures vanquished.

Notes
Turn   | Place    | Note
-------+----------+-------------------------------------------
     0 | D:1      | MirrMurr the Spriggan Enchanter began the quest for the
                  | Orb.
     0 | D:1      | Reached XP level 1. HP: 9/9 MP: 5/5
   432 | D:1      | Reached XP level 2. HP: 5/13 MP: 2/6
   436 | D:1      | Learned a level 2 spell: Ensorcelled Hibernation
   886 | D:1      | Reached skill level 5 in Stealth
  1623 | D:2      | Reached XP level 3. HP: 16/16 MP: 0/8
  2007 | D:2      | Noticed Natasha
  2028 | D:1      | Reached skill level 1 in Shields
  2112 | D:1      | Learned a level 3 spell: Confuse
  2884 | D:2      | Reached XP level 4. HP: 21/21 MP: 9/9
  2897 | D:2      | Reached skill level 6 in Stealth
  3128 | D:2      | Killed from afar by Natasha

Levels and vault maps discovered:
D:1:      nagdon_arrival_double_spiral, layout_loops_ring
D:2:      layout_rooms, glass_columns_a, nrook_loot_triangle, uniq_natasha

Skill      XL: |  1  2  3  4 |
---------------+-------------+-----
Stealth        | 5 6 |  6.0
Short Blades   | 2 |  2.8
Shields        | 1 |  1.4
Dodging        | |  3.0
Spellcasting   | |  2.6
Hexes          | |  3.6

Action                   |  1- 3 |  4- 6 || total
-------------------------+-------+-------++-------
Melee: Dagger            |   120 |     3 ||   123
 Cast: Corona            |     3 |       ||     3
       Ensorcelled Hiber |    32 |     4 ||    36
  Use: Scroll            |     5 |       ||     5
       Potion            |     1 |     1 ||     2
 Stab: Sleeping          |    22 |     2 ||    24
  Eat: Ration            |     1 |       ||     1
Armor: Robe              |    15 |     1 ||    16
Dodge: Dodged            |   113 |       ||   113

Table legend:
 A = Non-vault XP
 B = Vault XP
 C = Vault XP percentage of total XP
 D = Non-vault monster count
 E = Vault monster count
 F = Vault count percentage of total count
                 A         B        C        D         E       F
            +---------+---------+-------+---------+---------+-------
      Total |     131 |       0 |   0.0 |      41 |       0 |   0.0
            +---------+---------+-------+---------+---------+-------
        D:1 |      40 |       0 |   0.0 |      15 |       0 |   0.0
        D:2 |      91 |       0 |   0.0 |      26 |       0 |   0.0
            +---------+---------+-------+---------+---------+-------
